 Dungeon Crawl Stone Soup version 0.21.1-1-g345015fe64 (webtiles) character file.

3731 Oravi the Transmogrifier (level 10, -11/77 HPs)
             Began as a Merfolk Transmuter on May 4, 2018.
             Was a Follower of Okawaru.
             Mangled by an orc warrior
             ... wielding a +0 halberd
              (16 damage)
             ... on level 8 of the Dungeon.
             The game lasted 00:35:04 (8985 turns).

Oravi the Transmogrifier (Merfolk Transmuter)       Turns: 8985, Time: 00:35:04

Health: -11/77     AC:  2    Str: 15    XL:     10   Next: 14%
Magic:  18/18      EV: 34    Int: 15    God:    Okawaru [*.....]
Gold:   377        SH:  0    Dex: 20    Spells: 5/20 levels left

rFire    . . .     SeeInvis .     - Unarmed
rCold    + . .     Gourm    .   (shield currently unavailable)
rNeg     . . .     Faith    .   (armour currently unavailable)
rPois    x         Spirit   .   (helmet currently unavailable)
rElec    .         Reflect  .   (cloak currently unavailable)
rCorr    .         Harm     .   (gloves currently unavailable)
MR       .....                  (boots currently unavailable)
Stlth    +++.......             e - amulet of magic regeneration
HPRegen  0.22/turn              q - ring of protection from cold
MPRegen  0.41/turn              m - +4 ring of strength

@: about to teleport, spider-form, heroism, very slightly contaminated
A: tiny, (change form in water), (swift swim), (stealthy swim)
a: End Transformation, Heroism, Renounce Religion


You were on level 8 of the Dungeon.
You worshipped Okawaru.
Okawaru was aware of your devotion.
You were not hungry.
You were a venomous arachnid creature.
You visited 2 branches of the dungeon, and saw 9 of its levels.
You also visited: Sewer.

You collected 377 gold pieces.

Inventory:

Missiles
 a - 213 arrows
Armour
 b - a +0 robe (melded)
 h - a +1 pair of boots (melded)
Magical Staves
 l - an uncursed staff of poison (melded)
Jewellery
 e - an amulet of magic regeneration (around neck)
 m - a +4 ring of strength (right front leg)
 q - a ring of protection from cold (left front leg)
 r - an uncursed ring of protection from cold
 t - an uncursed amulet of rage
 w - an uncursed ring of stealth
 F - a +3 ring of dexterity {unknown}
Wands
 v - a wand of paralysis (24)
 x - a wand of clouds (4)
 y - a wand of polymorph (14)
 z - a wand of random effects (22)
Scrolls
 g - a scroll of identify
 i - a scroll of teleportation
 j - 2 scrolls of enchant weapon
 k - 4 scrolls of remove curse
 u - 2 scrolls of amnesia {unknown}
 A - a scroll of magic mapping
 B - a scroll of blinking
Potions
 f - 2 potions of magic
 n - 5 potions of curing
 o - a potion of berserk rage
 p - 4 potions of haste
 s - 4 potions of might
 D - a potion of mutation {unknown}
 E - a potion of flight
Books
 c - a book of Changes

   Spells                             Type                      Level
   a - Beastly Appendage              Transmutation                1
   b - Sticks to Snakes               Transmutation                2
   c - Spider Form                    Transmutation/Poison         3
   d - Ice Form                       Ice/Transmutation            4
   e - Blade Hands                    Transmutation                5
Comestibles
 d - 22 rations


   Skills:
 + Level 6.5(11.5) Fighting
 + Level 8.5(13.5) Dodging
 + Level 7.8(12.8) Unarmed Combat
 + Level 5.9 Spellcasting
 + Level 8.9 Transmutations
 - Level 3.0 Poison Magic


You had 5 spell levels left.
You knew the following spells:

 Your Spells              Type           Power        Failure   Level  Hunger
a - Spider Form           Tmut/Pois      ###.......   12%         3    ###....
b - Sticks to Snakes      Tmut           ####....     3%          2    #......
c - Ice Form              Ice/Tmut       ###.....     45%         4    ####...
d - Blade Hands           Tmut           ####......   26%         5    ######.
e - Beastly Appendage     Tmut           ####..       3%          1    None


Dungeon Overview and Level Annotations

Branches:
Dungeon (8/15)             Temple (1/1) D:6
   Lair: D:8-11

Altars:
Ashenzari
Cheibriados
Elyvilon
Fedhas
Makhleb
Nemelex Xobeh
Okawaru
Qazlal
Ru
Sif Muna
Vehumet
Xom
Yredelemnul

Shops:
D:7 [

Annotations:
D:3 2 exclusions, BorisKarlOrff's ghost, amateur GrBe


Message History

The orc warrior is lightly wounded.
The orc warrior completely misses you.
You hit the orc warrior but do no damage.
The orc warrior is poisoned.
The orc warrior is lightly wounded.
The porcupine bites you.
* * * LOW HITPOINT WARNING * * *
You bite the orc warrior!
The orc warrior is severely wounded.
The orc warrior hits you with a halberd!
* * * LOW HITPOINT WARNING * * *
The porcupine completely misses you. The orc warrior completely misses you.
The porcupine completely misses you.
Things that are here:
a dagger; a scale mail
Okay, then.
As you read the scroll of teleportation, it crumbles to dust.
You feel strangely unstable. The porcupine closely misses you.
The orc warrior hits you from afar with a halberd!
You die...

#.# #............# #.# #.#
############.# #.# #.# #.>....#
#.# #.# ##########.########.# #.#
#..........#........#
#.####..........#.######.#### ..
+...............#.####.......
.)..#.######'###....#............
#.......)....# #s###########.###.
#+###.#..###.###r# #####.....
#.#.......)[o#.# #.........
#.#.#.......)....# #.######..
#.#......#####.#.# #<# #..
#.###.##.# ... #.# #..
#.##....... ..# #.####.. #.
#..##.#... #.# #.......
#...#.#.h... .# ########


You could see an orc warrior and a porcupine.

Vanquished Creatures
  Grinder (D:6)
  Sigmund (D:5)
  A yak (D:8)
  Eustachio (D:5)
  2 porcupines (D:8)
  2 orc warriors
  2 black bears (D:8)
  A necrophage (D:5)
  An ogre (D:5)
  3 centaurs
  3 big kobolds (Sewer)
  A bullfrog (D:6)
  2 scorpions
  4 wights (D:3)
  6 killer bees (D:8)
  2 crimson imps
  A bullfrog zombie (D:5)
  4 orc priests
  A bullfrog skeleton (D:5)
  A gnoll shaman (D:5)
  A centaur skeleton (D:7)
  2 hounds
  6 orc wizards
  3 worker ants
  A hound skeleton (D:4)
  39 gnolls (D:5)
  15 adders
  2 river rats
  A shadow imp (D:5)
  2 oozes (Sewer)
  4 adder skeletons
  10 worms
  A dart slug (D:5)
  5 leopard geckos
  36 orcs
  7 bats
  15 giant cockroaches
  6 goblins
  7 hobgoblins
  23 jackals
  4 quokkas
  8 ball pythons
  5 frilled lizards
  A jackal skeleton (D:6)
  A jackal zombie (D:5)
  16 kobolds
  2 leopard gecko skeletons (D:5)
  6 rats
269 creatures vanquished.

Vanquished Creatures (collateral kills)
  A worker ant (D:6)
1 creature vanquished.

Vanquished Creatures (others)
  5 fungi (D:8)
  2 plants (D:8)
7 creatures vanquished.

Grand Total: 277 creatures vanquished

Notes
Turn   | Place    | Note
-------+----------+-------------------------------------------
     0 | D:1      | Oravi the Merfolk Transmuter began the quest for the Orb.
     0 | D:1      | Reached XP level 1. HP: 15/15 MP: 3/3
   639 | D:1      | Reached XP level 2. HP: 16/21 MP: 5/5
  1075 | D:2      | Reached XP level 3. HP: 17/26 MP: 6/6
  1274 | D:2      | Learned a level 2 spell: Sticks to Snakes
  1278 | D:2      | Learned a level 3 spell: Spider Form
  1869 | D:2      | Reached XP level 4. HP: 24/32 MP: 4/7
  2085 | D:3      | Reached skill level 1 in Poison Magic
  2300 | D:3      | Reached XP level 5. HP: 25/38 MP: 8/8
  2406 | D:3      | Noticed BorisKarlOrff's ghost (amateur GrBe)
  2612 | D:3      | Reached XP level 6. HP: 15/44 MP: 9/9
  2904 | D:3      | Reached skill level 5 in Transmutations
  3473 | D:3      | Found a burning altar of Makhleb.
  3617 | D:4      | Found a shattered altar of Ashenzari.
  3622 | D:4      | Reached skill level 5 in Unarmed Combat
  3622 | D:4      | Reached XP level 7. HP: 50/51 MP: 11/11
  3727 | D:4      | Found a stormy altar of Qazlal.
  4201 | D:5      | Entered Level 5 of the Dungeon
  4227 | D:5      | Noticed Sigmund
  4251 | D:5      | Noticed Eustachio
  4281 | D:5      | Killed Eustachio
  4281 | D:5      | Reached skill level 5 in Dodging
  4396 | D:5      | Reached XP level 8. HP: 52/58 MP: 7/13
  5414 | D:5      | Killed Sigmund
  5414 | D:5      | Reached XP level 9. HP: 67/67 MP: 15/15
  5779 | D:5      | Identified a scroll of acquirement
  5789 | D:5      | Learned a level 4 spell: Ice Form
  5795 | D:5      | Learned a level 5 spell: Blade Hands
  5801 | D:6      | Found a shattered altar of Ashenzari.
  5801 | D:6      | Noticed Grinder
  5816 | D:6      | Killed Grinder
  5816 | D:6      | Reached skill level 5 in Fighting
  6053 | D:6      | Found a glowing drain.
  6072 | Sewer    | Entered a sewer
  6116 | Sewer    | Reached skill level 5 in Spellcasting
  6628 | D:6      | Found a staircase to the Ecumenical Temple.
  6639 | Temple   | Entered the Ecumenical Temple
  6683 | Temple   | Became a worshipper of Warmaster Okawaru
  6978 | D:7      | Found Uvvugaet's Antique Armour Shoppe.
  7060 | D:7      | Found a basalt altar of Yredelemnul.
  7807 | D:7      | Found a shimmering altar of Xom.
  8367 | D:8      | Reached * piety under Okawaru
  8545 | D:8      | Reached XP level 10. HP: 71/76 MP: 18/18
  8985 | D:8      | Mangled by an orc warrior

Skill      XL: |  1  2  3  4  5  6  7  8  9 |
---------------+----------------------------+-----
Transmutations | 3 4 5 7 8 |  8.9
Unarmed Combat | 4 5 6 7 |  7.8
Dodging        | 3 4 5 6 8 |  8.5
Poison Magic   | 1 2 3 |  3.0
Fighting       | 2 3 4 6 |  6.5
Spellcasting   | 3 4 5 |  5.9

Action                   |  1- 3 |  4- 6 |  7- 9 | 10-12 || total
-------------------------+-------+-------+-------+-------++-------
Melee: Unarmed           |    98 |   134 |   535 |    35 ||   802
       Headbutt          |    12 |       |       |       ||    12
       Staff             |       |     3 |    58 |       ||    61
       Tailslap          |       |       |     4 |       ||     4
       Punch             |       |       |     3 |       ||     3
 Cast: Beastly Appendage |    13 |       |       |       ||    13
       Spider Form       |     9 |    20 |    62 |     4 ||    95
       Sticks to Snakes  |       |       |     3 |       ||     3
Invok: Heroism           |       |       |       |     2 ||     2
 Abil: End Transformatio |       |       |     1 |       ||     1
  Use: Scroll            |       |     8 |     8 |     1 ||    17
       Potion            |       |     5 |     1 |     1 ||     7
 Stab: Sleeping          |     1 |       |     3 |       ||     4
  Eat: Chunk             |     5 |     8 |    22 |     2 ||    37
Armor: Robe              |    10 |     2 |     9 |       ||    21
       Skin              |     1 |    17 |    18 |       ||    36
Dodge: Dodged            |    62 |   114 |   547 |    39 ||   762
